 Dungeon Crawl Stone Soup version 0.21-a0-84-g85d6d27 (webtiles) character file.

1535 sscrono2 the Slicer (level 8, -5/54 HPs)
             Began as an Octopode Assassin on July 4, 2017.
             Was an Initiate of Ru.
             Slain by a bullfrog (9 damage)
             ... on level 6 of the Dungeon.
             The game lasted 00:08:47 (6955 turns).

sscrono2 the Slicer (Octopode Assassin)             Turns: 6955, Time: 00:08:47

Health: -5/54      AC:  1    Str: 10    XL:     8   Next: 86%
Magic:  12/12      EV: 15    Int: 14    God:    Ru [......]
Gold:   211        SH:  0    Dex: 15    Spells: 13/13 levels left

rFire    . . .     SeeInvis .   a - +2 dagger
rCold    . . .     Gourm    .   (no shield)
rNeg     . . .     Faith    .   (helmet restricted)
rPois    .         Spirit   .   (no amulet)
rElec    .         Reflect  .   (no ring)
rCorr    .         Harm     .   (no ring)
MR       .....                  (no ring)
Stlth    +++++.....             (no ring)
HPRegen  0.18/turn              (no ring)
MPRegen  0.13/turn              (no ring)
                                (no ring)
                                (no ring)

@: about to teleport
A: almost no armour, stealthy swim, amphibious, 8 rings, constrict 8, camouflage
1, gelatinous body 1
a: Sacrifice Courage, Sacrifice Essence, Sacrifice Purity, Reject Sacrifices,
Renounce Religion


You were on level 6 of the Dungeon.
You worshipped Ru.
Ru was noncommittal.
You were very hungry.

You visited 2 branches of the dungeon, and saw 7 of its levels.

You collected 211 gold pieces.

Inventory:

Hand Weapons
 a - a +2 dagger (weapon)
 b - a +0 blowgun
Missiles
 c - 23 poisoned needles
 x - 2 curare-tipped needles
Jewellery
 l - an uncursed ring of ice {unknown}
 q - a cursed -3 ring of evasion {unknown}
 z - a +4 amulet of reflection {unknown}
Wands
 n - a wand of digging (11/24)
Scrolls
 d - 3 scrolls of amnesia {unknown}
 e - 5 scrolls of remove curse
 h - 4 scrolls of identify
 j - a scroll of noise {unknown}
 m - a scroll of magic mapping {unknown}
 r - a scroll of enchant armour {unknown}
 s - 2 scrolls of recharging {unknown}
 t - a scroll of blinking {unknown}
 u - 2 scrolls of teleportation
 v - a scroll of enchant weapon {unknown}
Potions
 g - 7 potions of curing
 A - a potion of mutation {unknown}
 B - a potion of lignification
Comestibles
 f - 4 bread rations
 k - 3 royal jellies
 o - a fruit
 p - 5 meat rations


   Skills:
 + Level 3.9 Fighting
 - Level 8.1 Short Blades
 - Level 2.0 Throwing
 + Level 3.5 Dodging
 + Level 7.5 Stealth
 + Level 3.1 Spellcasting


You had 13 spell levels left.
You didn't know any spells.

Dungeon Overview and Level Annotations

Branches:
Dungeon (6/15)             Temple (1/1) D:4

Altars:
Cheibriados
Dithmenos
Elyvilon
Fedhas
Hepliaklqana
Makhleb
Nemelex Xobeh
Qazlal
Ru
Sif Muna
Uskayaw
Vehumet
Wu Jian
Yredelemnul
Zin
The Shining One


Innate Abilities, Weirdness & Mutations

You cannot wear most types of armour.
You are very stealthy in the water. (Stealth+)
You are amphibious.
You can wear up to eight rings at the same time.
You can use your tentacles to constrict eight enemies at once.
Your skin changes colour to match your surroundings (Stealth+).
Your rubbery body absorbs attacks. (AC +1, EV +1)


Message History

* * * LOW HITPOINT WARNING * * *
A magic dart appears from out of thin air!
The magic dart hits you!
* * * LOW HITPOINT WARNING * * *
The bullfrog hits you.
* * * LOW HITPOINT WARNING * * *
The orc closely misses you.
As you read the scroll labeled ADOYXU OMIE, it crumbles to dust.
You feel blessed for a moment.
It was a scroll of remove curse.
The bullfrog closely misses you. The jelly barely misses you.
The orc closely misses you.
As you read the scroll labeled JYMAWKYBU CEMEIKHLI, it crumbles to dust.
You feel strangely unstable.
It was a scroll of teleportation.
The bullfrog closely misses you. The jelly closely misses you.
Something hits you.
* * * LOW HITPOINT WARNING * * *
The bullfrog misses you. The orc closely misses you. x2
The bullfrog hits you!
You die...

####### ###### #.....#
#....# #.....# #....#
#.....# #....# #.....#
#....#
##########.....####....#
.......@FJ.............#
.......oo.......†......#
.........o.............#
...........o...........#
##..........############
#..........#
#..........#
#..........#
#..........#


You could see a bullfrog, a jelly, an orc priest (wandering) and 3 orcs.

Vanquished Creatures
  Grinder (D:4)
  Sigmund (D:2)
  Edmund (D:4)
  2 ice beasts
  A bullfrog (D:6)
  3 scorpions
  A bullfrog zombie (D:6)
  A centaur zombie (D:5)
  A gnoll shaman (D:5)
  A jelly (D:5)
  2 hounds (D:5)
  Crazy Yiuf (D:2)
  2 iguanas
  3 orc wizards
  4 worker ants
  Robin (D:2)
  5 gnolls (D:5)
  A worker ant zombie (D:5)
  7 adders
  2 shadow imps
  An adder zombie (D:5)
  2 worms
  2 leopard geckos
  11 orcs
  2 bats (D:2)
  3 giant cockroaches
  12 goblins
  7 hobgoblins
  4 jackals (D:3)
  3 quokkas
  2 frilled lizards
  4 kobolds
  A leopard gecko skeleton (D:6)
  7 rats
  2 fungi (D:2)
104 creatures vanquished.

Notes
Turn   | Place    | Note
-------+----------+-------------------------------------------
     0 | D:1      | sscrono2 the Octopode Assassin began the quest for the Orb.
     0 | D:1      | Reached XP level 1. HP: 14/14 MP: 1/1
   278 | D:1      | Reached XP level 2. HP: 19/19 MP: 2/2
   881 | D:2      | Reached skill level 3 in Short Blades
   912 | D:2      | Noticed Robin
   930 | D:2      | Reached XP level 3. HP: 24/24 MP: 3/3
  1090 | D:2      | Killed Robin
  1098 | D:2      | Reached skill level 4 in Short Blades
  1350 | D:2      | Reached XP level 4. HP: 29/29 MP: 4/4
  1581 | D:2      | Noticed Sigmund
  1608 | D:2      | Killed Sigmund
  1608 | D:2      | Reached skill level 6 in Short Blades
  1608 | D:2      | Reached XP level 5. HP: 3/34 MP: 5/5
  2054 | D:2      | Found a runed door.
  2058 | D:2      | Noticed Crazy Yiuf
  2062 | D:2      | Killed Crazy Yiuf
  2062 | D:2      | Reached XP level 6. HP: 39/39 MP: 6/6
  3124 | D:4      | Noticed Edmund
  3154 | D:4      | Killed Edmund
  3154 | D:4      | Reached skill level 7 in Short Blades
  3162 | D:4      | Reached XP level 7. HP: 12/45 MP: 7/7
  3389 | D:4      | Found a staircase to the Ecumenical Temple.
  3410 | D:4      | Found a sparkling altar of Nemelex Xobeh.
  3426 | Temple   | Entered the Ecumenical Temple
  3476 | Temple   | Became a worshipper of Ru the Awakened
  3558 | D:4      | Noticed Grinder
  3563 | D:4      | Paralysed by Grinder for 7 turns
  3631 | D:4      | Killed Grinder
  3631 | D:4      | Reached skill level 8 in Short Blades
  4200 | D:4      | Found an ornate altar of the Wu Jian Council.
  4758 | D:5      | Entered Level 5 of the Dungeon
  4802 | D:5      | Reached skill level 1 in Spellcasting
  4815 | D:5      | Reached XP level 8. HP: 49/51 MP: 8/10
  6014 | D:5      | Found a shadowy altar of Dithmenos.
  6448 | D:6      | Found a white marble altar of Elyvilon.
  6493 | D:6      | Found a glowing silver altar of Zin.
  6494 | D:6      | Found a white marble altar of Elyvilon.
  6495 | D:6      | Found a glowing golden altar of the Shining One.
  6955 | D:6      | Slain by a bullfrog

Vault maps used:
D:1:      scummos_arrival_star, serial_park_tiny_pond
D:2:      first_bread, serial_glass, glass_columns_b, glass_columns_b,
          minmay_strange_pillars, feat_on_display, uniq_crazy_yiuf_cottage,
          uniq_robin, uniq_sigmund
D:4:      kennysheep_little_box, kennysheep_mini_moat, temple_doors_cd,
          uniq_grinder, uniq_edmund
D:5:      lemuel_doored_altar
D:6:      good_gods_temple_1, basic_altar
Temple:   eino_wide_crystal_templ

Skill      XL: |  1  2  3  4  5  6  7  8 |
---------------+-------------------------+-----
Short Blades   | 3 4 6 7 8 |  8.1
Spellcasting   | 1 3 |  3.1
Dodging        | 2 3 |  3.5
Stealth        | 7 |  7.5
Fighting       | 3 |  3.9
Throwing       | |  2.0

Action                   |  1- 3 |  4- 6 |  7- 9 || total
-------------------------+-------+-------+-------++-------
Melee: Dagger            |    49 |    83 |   167 ||   299
       Constrict         |    14 |    17 |    26 ||    57
       Tentacles         |     5 |    13 |    41 ||    59
 Fire: Blowgun           |       |    17 |     8 ||    25
Throw: Throwing net      |       |       |     2 ||     2
  Use: Scroll            |       |     1 |     3 ||     4
       Potion            |       |       |     3 ||     3
 Stab: Sleeping          |     4 |     5 |     9 ||    18
       Distracted        |     1 |       |     1 ||     2
       Held in net/web   |       |       |     2 ||     2
  Eat: Chunk             |     1 |     5 |     7 ||    13
       Bread ration      |       |       |     1 ||     1
Armor: Skin              |     1 |     3 |     6 ||    10
Dodge: Dodged            |    18 |    35 |    81 ||   134
